 Dungeon Crawl Stone Soup version 0.17-a0-1637-g5d65775 (webtiles) character file.

267 karlkraus the Covered (level 6, -2/53 HPs)
             Began as a Minotaur Fighter on Aug 7, 2015.
             Slain by an orc
             ... wielding a +0 club
              (3 damage)
             ... on level 3 of the Dungeon.
             The game lasted 00:02:59 (2056 turns).

karlkraus the Covered (Minotaur Fighter)            Turns: 2056, Time: 00:02:59

Health: -2/53      AC:  7    Str: 22    XL:     6   Next: 0%
Magic:  5/5        EV:  8    Int:  5    God:
Gold:   79         SH: 10    Dex: 10    Spells: 0 memorised, 5 levels left

rFire  . . .     SeeInvis .     a - +0 flail
rCold  . . .     Clarity  .     b - +0 scale mail
rNeg   . . .     SustAt   .     c - +0 shield
rPois  .         Gourm    .     (helmet restricted)
rElec  .         Spirit   .     (no cloak)
rCorr  .         Warding  .     (no gloves)
rMut   .         Stasis   .     (no boots)
MR     .....                    (no amulet)
Stlth  ..........               (no ring)
                                (no ring)

@: lethally poisoned (-2 -> -3), not resistant to hostile enchantments,
extremely unstealthy
A: retaliatory headbutt, horns 2
a: no special abilities


You were on level 3 of the Dungeon.
You were hungry.

You visited 1 branch of the dungeon, and saw 3 of its levels.

You collected 79 gold pieces.

Inventory:

Hand weapons
 a - a +0 flail (weapon)
Armour
 b - a +0 scale mail (worn)
 c - a +0 shield (worn)
Scrolls
 f - 3 scrolls of identify {unknown}
Potions
 g - 4 potions of curing {unknown}
 h - a potion of haste {unknown}
 i - a potion of cure mutation {unknown}
 j - 2 potions of lignification {unknown}
 k - a potion of resistance {unknown}
Comestibles
 d - 2 meat rations
 e - 2 bread rations


   Skills:
 + Level 4.7 Fighting
 + Level 3.7 Maces & Flails
 + Level 5.0 Armour
 + Level 2.6 Dodging
 + Level 4.9 Shields


You had 5 spell levels left.
You didn't know any spells.

Dungeon Overview and Level Annotations

Branches:
Dungeon (3/15)

Altars:
Elyvilon


Innate Abilities, Weirdness & Mutations

You reflexively headbutt those who attack you in melee.
You have a pair of horns on your head.


Message History

* * * LOW HITPOINT WARNING * * *
You feel sick. The adder barely misses you. You block the adder's attack.
You sock the adder!
The adder is severely wounded.
The adder barely misses you. x2
You furiously retaliate!
You headbutt the adder, but do no damage.
You hit the adder. Your headbutt misses the adder.
The adder is almost dead.
* * * LOW HITPOINT WARNING * * *
You feel sick. The adder bites you but does no damage.
You block the adder's attack.
You hit the adder.
You kill the adder!
You have reached level 6!
Your experience leads to an increase in your attributes!
Increase (S)trength, (I)ntelligence, or (D)exterity?
You feel stronger. The orc hits you with a club.
You die...

..............#
..............#
..............
.............
...........#
#.......$#
#...>o...# #o# #@#
#.#.#####
#...(...###########
##%.#.#+#..........
#.>...............
#####..............
#..............
##.............
#.............


You could see 2 orcs.

Vanquished Creatures
  Sigmund (D:2)
  A worker ant (D:3)
  3 gnolls (D:2)
  An adder (D:3)
  An ooze (D:1)
  2 worms (D:2)
  A giant gecko (D:2)
  2 orcs (D:3)
  A ball python (D:2)
  2 bats
  9 hobgoblins
  4 jackals (D:2)
  A quokka (D:2)
  3 giant newts (D:2)
  2 goblins (D:2)
  4 kobolds
  4 rats (D:2)
42 creatures vanquished.

Notes
Turn   | Place    | Note
--------------------------------------------------------------
     0 | D:1      | karlkraus the Minotaur Fighter began the quest for the Orb.
     0 | D:1      | Reached XP level 1. HP: 19/19 MP: 0/0
   183 | D:1      | Reached skill level 4 in Shields
   183 | D:1      | Reached XP level 2. HP: 25/27 MP: 1/1
  1118 | D:2      | Reached XP level 3. HP: 22/33 MP: 2/2
  1254 | D:2      | Found a white marble altar of Elyvilon.
  1401 | D:2      | Reached skill level 1 in Dodging
  1655 | D:2      | Reached XP level 4. HP: 40/40 MP: 3/3
  1656 | D:2      | Noticed Sigmund
  1661 | D:2      | Killed Sigmund
  1661 | D:2      | Reached skill level 5 in Armour
  1661 | D:2      | Reached XP level 5. HP: 34/47 MP: 4/4
  2052 | D:3      | HP: 2/47 [poisoned by a worker ant]
  2056 | D:3      | Reached XP level 6. HP: 1/53 MP: 5/5
  2056 | D:3      | Slain by an orc

Vault maps used:
D:1:      elethiomel_arrival_maze
D:2:      elyvilon_altar_1, first_bread, uniq_sigmund
D:3:      fedhas_altar_3, ecumenical_altar_2

Action                   |  1- 3 |  4- 6 || total
-------------------------+-------+-------++-------
Melee: Flail             |    75 |    43 ||   118
  Use: Potion            |       |     1 ||     1
  Eat: Chunk             |     2 |     1 ||     3
